 Dungeon Crawl Stone Soup version 0.31-a0-1074-g0b22e4e0f1 (webtiles) character file.

Game seed: 8242162461805170248

165 grandjackal the Conjurer (level 5, -2/31 HPs)
             Began as a Tengu Conjurer on Nov 29, 2023.
             Slain by Crazy Yiuf
             ... wielding a +2 quarterstaff of chaos
              (3 damage)
             ... on level 2 of the Dungeon.
             The game lasted 00:02:39 (1904 turns).

grandjackal the Conjurer (Tengu Conjurer)           Turns: 1904, Time: 00:02:40

Health: -2/31      AC:  2    Str:  8    XL:     5   Next: 46%
Magic:  1/10       EV: 12    Int: 20    God:
Gold:   114        SH:  0    Dex: 12    Spells: 1/10 levels left

rFire   . . .        (no weapon)
rCold   . . .        (no shield)
rNeg    . . .        a - +0 robe
rPois   .            (helmet restricted)
rElec   .            (no cloak)
rCorr   .            (no gloves)
SInv    .            (boots unavailable)
Will    .....        (no amulet)
Stlth   ++           (no ring)
HPRegen 0.25/turn    (no ring)
MPRegen 0.12/turn

%: acrobat
@: no status effects
A: beak, talons 3, acrobatic
a: no special abilities


You were on level 2 of the Dungeon.
You visited 1 branch of the dungeon, and saw 2 of its levels.

You collected 114 gold pieces.

Inventory:

Missiles
 j - 5 poisoned darts
Armour
 a - a +0 robe (worn)
Wands
 l - a wand of flame (18)
Scrolls
 d - a scroll of teleportation {unknown}
 f - a scroll of identify {unknown}
 h - 2 scrolls of blinking {unknown}
 i - a scroll of fear {unknown}
 k - a scroll of fog {unknown}
Potions
 b - a potion of magic
 c - a potion of enlightenment {unknown}
 e - a potion of curing {unknown}
 g - a potion of might {unknown}


   Skills:
 + Level 2.7 Fighting
 - Level 2.1 Dodging
 - Level 2.0 Stealth
 + Level 3.3 Spellcasting
 + Level 6.6 Conjurations


You had one spell level left.
You knew the following spells:

 Your Spells              Type           Power      Damage    Failure   Level
a - Magic Dart            Conj           100%       1d8       1%          1
b - Searing Ray           Conj           58%        2d6       1%          2
c - Cigotuvi's Dreadful   Necr/Pois/Air  6%         N/A       22%         2
d - Iskenderun's Mystic   Conj/Tloc      16%        2d5       34%         4

Your spell library contained the following spells:

 Spells                   Type           Power      Damage    Failure   Level
 Dazzling Flash           Conj/Hex       32%        N/A       11%         3
 Fulminant Prism          Conj/Hex       8%         3d6       34%         4
 Ignite Poison            Fire/Tmut/Pois 3%         N/A       38%         3
 Freezing Cloud           Conj/Ice/Air   6%         6-21      83%         5


Dungeon Overview and Level Annotations

Branches:
Dungeon (2/15)

Altars:

Annotations:
D:2 Crazy Yiuf


Innate Abilities, Weirdness & Mutations

You have a beak for a mouth.
You have claws for feet.
You can magically evade attacks while moving or waiting.


Message History

Confirm with . or Enter, or press ? or * to list all spells.
Okay, then.
Casting: Searing Ray (safe; 1% risk of failure)
Confirm with . or Enter, or press ? or * to list all spells.
Aiming: Searing Ray (safe; 1% risk of failure)
Press: ? - help, Shift-Dir - straight line, f/p - Crazy Yiuf
Aim: Crazy Yiuf, wielding a +2 quarterstaff of chaos and wearing a +2 cloak of willpower (lightly wounded, 82% to hit)
The searing ray misses Crazy Yiuf. (Press . to maintain the ray.) Crazy Yiuf misses you.
The searing ray hits Crazy Yiuf.
Crazy Yiuf is heavily wounded.
Crazy Yiuf completely misses you.
Unknown command.
The searing ray hits Crazy Yiuf.
Crazy Yiuf is severely wounded.
Crazy Yiuf hits you with a +2 quarterstaff of chaos!
You are electrocuted!
Unknown command.
The searing ray misses Crazy Yiuf.
You finish channelling your searing ray.
Crazy Yiuf misses you.
Unknown command.
Aiming: Throw Flame
Press: ? - help, Shift-Dir - straight line, f/p - Crazy Yiuf
Aim: Crazy Yiuf, wielding a +2 quarterstaff of chaos and wearing a +2 cloak of willpower (severely wounded, 72% to hit)
The puff of flame hits Crazy Yiuf but does no damage.
Crazy Yiuf is severely wounded.
Crazy Yiuf hits you with a +2 quarterstaff of chaos!
* * * LOW HITPOINT WARNING * * *
Crazy Yiuf draws strength from your wounds!
Aiming: Throw Flame
Press: ? - help, Shift-Dir - straight line, f/p - Crazy Yiuf
Aim: Crazy Yiuf, wielding a +2 quarterstaff of chaos and wearing a +2 cloak of willpower (heavily wounded, 72% to hit)
The puff of flame hits Crazy Yiuf but does no damage.
Crazy Yiuf is heavily wounded.
Crazy Yiuf hits you with a +2 quarterstaff of chaos.
* * * LOW HITPOINT WARNING * * *
Crazy Yiuf burns you.
You die...

.....####........................
#....###........########.#.######
...###..........# ###.#.## #.
.##........###### #......####.
##.÷...##.## #####.......
......###.# #..#####
..........##♣♣♣♣♣ #..#
##....##.#....♣.♣♣♣ ### #..#
#..........PP.♣@g♣#...# #..#
#...#.......P♣♣♣♣.'...# ####
########....♣♣ ♣♣#..)# ####♣♣ ###


You could see Crazy Yiuf.

Vanquished Creatures
  Natasha (thrice) (D:2)
  4 adders (D:2)
  3 gnolls (D:2)
  3 endoplasms (D:1)
  2 goblins (D:1)
  A hobgoblin (D:1)
  4 jackals (D:1)
  A quokka (D:1)
  5 ball pythons
  A bat (D:1)
  2 frilled lizards
  3 kobolds
  A rat (D:2)
33 creatures vanquished.

Notes
Turn   | Place    | Note
-------+----------+-------------------------------------------
     0 | D:1      | grandjackal the Tengu Conjurer began the quest for the Orb.
     0 | D:1      | Reached XP level 1. HP: 10/10 MP: 4/4
   217 | D:1      | Reached XP level 2. HP: 12/16 MP: 0/6
   307 | D:1      | Learned a level 2 spell: Searing Ray
   522 | D:1      | Reached skill level 1 in Fighting
   692 | D:1      | Found a faded altar of an unknown god.
  1071 | D:2      | Reached XP level 3. HP: 20/20 MP: 3/7
  1327 | D:2      | Noticed Natasha
  1331 | D:2      | Killed Natasha
  1332 | D:2      | Reached skill level 6 in Conjurations
  1332 | D:2      | Reached XP level 4. HP: 26/26 MP: 4/9
  1349 | D:2      | Noticed Natasha
  1354 | D:2      | Killed Natasha
  1494 | D:2      | Reached XP level 5. HP: 31/31 MP: 7/10
  1533 | D:2      | Learned a level 2 spell: Cigotuvi's Dreadful Rot
  1538 | D:2      | Learned a level 4 spell: Iskenderun's Mystic Blast
  1591 | D:2      | Noticed Natasha
  1596 | D:2      | Killed Natasha
  1888 | D:2      | Found a runed translucent door.
  1889 | D:2      | Noticed Crazy Yiuf
  1904 | D:2      | HP: 1/31 [Crazy Yiuf/+2 quarterstaff of chaos (6)]
  1904 | D:2      | Slain by Crazy Yiuf

Illustrated notes

Levels and vault maps discovered:
D:1:      lemuel_arrival_rhombus, layout_loops_cross,
          ebering_ecumenical_altar_rust
D:2:      layout_rooms, uniq_natasha, uniq_crazy_yiuf_cottage

Skill      XL: |  1  2  3  4 |
---------------+-------------+-----
Fighting       | 1 2 |  2.7
Conjurations   | 6 |  6.6
Spellcasting   | 3 |  3.3
Dodging        | |  2.1
Stealth        | |  2.0

Action                     |  1- 3 |  4- 6 || total
---------------------------+-------+-------++-------
  Melee: Unarmed           |    18 |       ||    18
         Peck              |     3 |       ||     3
         Kick              |     4 |       ||     4
   Cast: Magic Dart        |    54 |    23 ||    77
         Searing Ray       |     2 |     3 ||     5
  Evoke: Wand              |       |     2 ||     2
 Armour: Robe              |    12 |     5 ||    17
  Dodge: Dodged            |    18 |     4 ||    22

Table legend: (Time is in decaauts)
 A = Elapsed time spent in this place.
 B = Non-inter-level travel time spent in this place.
 C = Inter-level travel time spent in this place.
 D = Time resting spent in this place.
 E = Time spent auto-exploring this place.
 F = Levels seen in this place.
 G = Mean time per level.
                   A        B        C        D        E       F      G
               +--------+--------+--------+--------+--------+-----+--------+
         Total |   1903 |   1804 |     99 |    535 |   1026 |   2 |  951.5 |
       Dungeon |   1903 |   1804 |     99 |    535 |   1026 |   2 |  951.5 |
               +--------+--------+--------+--------+--------+-----+--------+

Top non-repeatable levels by time:
     D:1: 1107 daAuts
     D:2: 796 daAuts
